 Dungeon Crawl Stone Soup version 0.28.0-53-g5a82cb258f (webtiles) character file.

Game seed: 538025472263883097

856 nonceun the Cleaver (level 7, -2/85 HPs)
             Began as a Minotaur Berserker on July 14, 2022.
             Was a Believer of Trog.
             Slain by Duvessa
             ... wielding a +6 rapier of protection
              (10 damage)
             ... on level 5 of the Dungeon.
             The game lasted 00:12:33 (4254 turns).

nonceun the Cleaver (Minotaur Berserker)            Turns: 4254, Time: 00:12:34

Health: -2/85      AC:  8    Str: 24    XL:     7   Next: 70%
Magic:  6/6        EV: 10    Int:  4    God:    Trog [**....]
Gold:   130        SH:  0    Dex:  9    Spells: 6/6 levels left

rFire   . . .      SeeInvis .   a - +0 hand axe
rCold   . . .      Faith    .   (no shield)
rNeg    . . .      Spirit   .   w - +0 scale mail
rPois   .          Reflect  .   (helmet restricted)
rElec   .          Harm     .   (no cloak)
rCorr   .          Rampage  .   c - +0 pair of gloves
Will    ++...                   (no boots)
Stlth   ..........              h - amulet of magic regeneration
HPRegen 1.24/turn               (no ring)
MPRegen 0.50/turn               (no ring)

@: berserking, strong-willed, regenerating, very quick
A: horns 2, retaliatory headbutt
a: Renounce Religion, Berserk, Trog's Hand


You were on level 5 of the Dungeon.
You worshipped Trog.
Trog was pleased with you.
You visited 1 branch of the dungeon, and saw 5 of its levels.

You collected 169 gold pieces.
You spent 39 gold pieces at shops.

Inventory:

Hand Weapons
 a - a +0 hand axe (weapon)
Missiles
 e - 70 stones (quivered)
Armour
 c - a +0 pair of gloves (worn)
 w - a +0 scale mail (worn)
Jewellery
 h - an amulet of magic regeneration (around neck)
Wands
 k - a wand of polymorph (7)
 o - a wand of flame (16)
Scrolls
 d - 5 scrolls of identify {unknown}
 f - 3 scrolls of amnesia {unknown}
 g - a scroll of silence {unknown}
 m - 3 scrolls of enchant weapon {unknown}
 p - 3 scrolls of fog {unknown}
 r - 2 scrolls of teleportation {unknown}
 t - a scroll of brand weapon {unknown}
 u - a scroll of vulnerability {unknown}
Potions
 b - a potion of curing
 i - a potion of lignification {unknown}
 j - 2 potions of magic {unknown}
 l - 3 potions of berserk rage {unknown}
 n - 2 potions of haste {unknown}
 q - a potion of heal wounds {unknown}
 s - a potion of invisibility {unknown}
 v - 2 potions of cancellation {unknown}


   Skills:
 - Level 3.6 Fighting
 + Level 10.6 Axes
 * Level 3.5 Armour
 * Level 2.7 Dodging


You had 6 spell levels left.
You didn't know any spells.
Your spell library contained the following spells:

 Spells                   Type           Power      Damage    Failure   Level
 Magic Dart               Conj           0%         1d3       80%         1
 Searing Ray              Conj           0%         2d4       90%         2
 Sublimation of Blood     Necr           0%         N/A       90%         2
 Gell's Gravitas          Tloc           0%         N/A       99%         3
 Lesser Beckoning         Tloc           0%         N/A       99%         3
 Teleport Other           Tloc           0%         N/A       99%         3
 Fulminant Prism          Conj/Hex       0%         3d6       100%        4
 Petrify                  Tmut/Erth      0%         N/A       100%        4
 Irradiate                Conj/Tmut      0%         3d14      100%        5


Dungeon Overview and Level Annotations

Branches:
Dungeon (5/15)
 Temple: D:4-7

Altars:

Shops:
D:2 !   D:4 *

Annotations:
D:5 Duvessa


Innate Abilities, Weirdness & Mutations

You have a pair of horns on your head.
You reflexively headbutt those who attack you in melee.


Message History

Duvessa goes berserk!
The jackal barks!
You hear a bark! x2
A jackal comes into view. x2
You hear a shout!
Duvessa moves out of view.
A jackal comes into view.
The jackal bites you but does no damage.
The jackal moves out of view.
You open the door. The jackal bites you. The jackal barely misses you.
You furiously retaliate!
You headbutt the jackal.
You kill the jackal!
Trog accepts your kill. The jackal bites you.
There is an open door here.
You hit the jackal.
The jackal is severely wounded.
The jackal bites you but does no damage.
You barely miss the jackal.
The jackal is severely wounded.
The jackal closely misses you.
You closely miss the jackal. Your headbutt misses the jackal.
The jackal is severely wounded.
You hit the jackal but do no damage. You headbutt the jackal.
You kill the jackal!
Trog accepts your kill.
Your skin crawls.
You feel strong-willed.
Duvessa hits you with a +6 rapier of protection!!
Duvessa hits you with a +6 rapier of protection!
You hit Duvessa but do no damage. Duvessa barely misses you.
You closely miss Duvessa. Your headbutt misses Duvessa.
Duvessa hits you with a +6 rapier of protection!
* * * LOW HITPOINT WARNING * * *
You closely miss Duvessa.
Duvessa hits you with a +6 rapier of protection!
* * * LOW HITPOINT WARNING * * *
A red film seems to cover your vision as you go berserk!
You feel yourself moving faster!
You feel mighty!
Duvessa hits you with a +6 rapier of protection!
You die...

....................
.................... #.... #
.................... #....
#....................... #...#
#...###..####..###...###
#...###...###..####..###...##.
+....+..........+.............
#....#..........#............. .
#...# #...# #@# #..#######+##.
..##..)###...###e###..# ##.##.##.
................hh+<[.+ ....<....
.....[............#...# .........
..##..######.###.###..# ##.###...
# #..######'###.# #..####.###...
............#... #.........+...
.............#....#.........#...
####+####.##.#########..##..##.##


You could see Duvessa (berserk) and 2 jackals.

Vanquished Creatures
  Sigmund (D:2)
  Eustachio (D:5)
  A necrophage (D:2)
  A phantom (D:4)
  A centaur (D:3)
  A wyvern zombie (D:5)
  Dowan (D:5)
  A jelly (D:3)
  A centaur skeleton (D:5)
  Natasha (thrice) (D:2)
  An ufetubus (D:5)
  3 worms
  3 dart slugs
  An orc (D:4)
  5 bats
  4 endoplasms
  2 giant cockroaches
  7 goblins
  7 hobgoblins
  8 jackals
  6 kobolds
  4 quokkas
  7 ball pythons
  A frilled lizard (D:3)
  6 rats
77 creatures vanquished.

Notes
Turn   | Place    | Note
-------+----------+-------------------------------------------
     0 | D:1      | nonceun the Minotaur Berserker began the quest for the Orb.
     0 | D:1      | Reached XP level 1. HP: 19/19 MP: 0/0
    87 | D:1      | Reached skill level 4 in Axes
   164 | D:1      | Reached XP level 2. HP: 24/26 MP: 1/1
   470 | D:1      | Reached skill level 5 in Axes
   603 | D:1      | Reached ** piety under Trog
   604 | D:1      | Reached XP level 3. HP: 23/31 MP: 2/2
  1126 | D:2      | Found a faded altar of an unknown god.
  1254 | D:2      | Found Ysmouwur's Distillery.
  1263 | D:2      | Bought a potion of curing for 39 gold pieces
  1307 | D:2      | Noticed Sigmund
  1321 | D:2      | Killed Sigmund
  1322 | D:2      | Reached skill level 7 in Axes
  1322 | D:2      | Reached XP level 4. HP: 39/39 MP: 3/3
  1322 | D:2      | Reached XP level 5. HP: 45/45 MP: 4/4
  1623 | D:2      | Noticed a necrophage
  1626 | D:2      | Killed a necrophage
  1627 | D:2      | Reached skill level 8 in Axes
  1627 | D:2      | Reached XP level 6. HP: 51/51 MP: 5/5
  1660 | D:2      | Noticed Natasha
  1665 | D:2      | Killed Natasha
  1800 | D:2      | Noticed Natasha
  1813 | D:2      | Killed Natasha
  1830 | D:2      | Noticed Natasha
  2121 | D:2      | Killed Natasha
  2429 | D:3      | Reached skill level 9 in Axes
  3441 | D:4      | Found Diuckis's Mass Market.
  3726 | D:5      | Entered Level 5 of the Dungeon
  3726 | D:5      | Noticed Eustachio
  3731 | D:5      | Killed Eustachio
  3732 | D:5      | Reached skill level 10 in Axes
  3732 | D:5      | Reached XP level 7. HP: 57/57 MP: 6/6
  4210 | D:5      | Noticed Dowan
  4227 | D:5      | Killed Dowan
  4241 | D:5      | Noticed Duvessa
  4254 | D:5      | Slain by Duvessa

Illustrated notes

Levels and vault maps discovered:
D:1:      lemuel_arrival_river_ford, layout_loops_ring
D:2:      minmay_evil_eye, layout_basic, serial_shops, nicolae_shop_stone,
          basic_ecumenical_altar, uniq_sigmund, uniq_natasha
D:3:      layout_loops_ring, grunt_ministairs_11
D:4:      layout_rooms, minmay_shop_mass, corexii_checkpoint_a
D:5:      layout_gridville, uniq_duvessa, uniq_eustachio, uniq_edmund

Skill      XL: |  1  2  3  4  5  6  7 |
---------------+----------------------+-----
Axes           | 4 5 7 8 10 | 10.6
Armour         | 3 |  3.5
Fighting       | |  3.6
Dodging        | |  2.7

Action                   |  1- 3 |  4- 6 |  7- 9 || total
-------------------------+-------+-------+-------++-------
Melee: Hand axe          |    67 |   108 |    44 ||   219
       Headbutt          |     7 |    16 |    10 ||    33
       Unarmed           |       |     7 |       ||     7
Invok: Berserk           |     1 |     2 |     1 ||     4
       Trog's Hand       |     1 |     2 |     2 ||     5
Armor: Animal skin       |    10 |       |       ||    10
       Leather armour    |     7 |    22 |       ||    29
       Scale mail        |       |     3 |    15 ||    18
       Skin              |       |     2 |       ||     2
Dodge: Dodged            |    28 |    47 |    21 ||    96
